 Dungeon Sprint DCSS version 0.27-a0-1202-ge72e49191c (webtiles) character file.

Game seed: 17621243236075951036

264 howech the Magician (level 6, -7/48 HPs)
             Began as a Gnoll Fire Elementalist on June 2, 2021.
             Was a Follower of Okawaru.
             Collided with a metal wall (11 damage)
             ... caused by Erica
             ... in the Dungeon (Sprint VII: "The Pits").
             The game lasted 00:06:33 (911 turns).

howech the Magician (Gnoll Fire Elementalist)        Turns: 911, Time: 00:06:34

Health: -7/48      AC:  2    Str:  8    XL:     6   Next: 19%
Magic:  11/15      EV: 14    Int: 15    God:    Okawaru [*.....]
Gold:   0          SH:  0    Dex: 13    Spells: 8/18 levels left

rFire    . . .     SeeInvis .   b - +2 hand axe
rCold    . . .     Faith    .   (no shield)
rNeg     . . .     Spirit   .   a - +0 robe
rPois    .         Reflect  .   (no helmet)
rElec    .         Harm     .   (no cloak)
rCorr    .         Rampage  .   (no gloves)
Will     .....     NoTele   +   (no boots)
Stlth    +++.......             (no amulet)
HPRegen  0.16/turn              (no ring)
MPRegen  0.14/turn              (no ring)

@: no status effects
A: fangs 1, strong nose, distributed training
a: Renounce Religion, Heroism


You were in the Dungeon.
You worshipped Okawaru.
Okawaru was aware of your devotion.
You visited 1 branch

Inventory:

Hand Weapons
 b - a +2 hand axe (weapon)
Missiles
 j - 13 stones
Armour
 a - a +0 robe (worn)
Scrolls
 h - a scroll of blinking
Potions
 c - 6 potions of curing
 d - 3 potions of heal wounds
 e - a potion of haste
 f - 4 potions of magic
 g - 3 potions of berserk rage
 i - 2 potions of invisibility


   Skills:
 + Level 4.2 Fighting
 + Level 4.2 Short Blades
 + Level 4.2 Long Blades
 + Level 4.2 Axes
 + Level 4.2 Maces & Flails
 + Level 4.2 Polearms
 + Level 4.2 Staves
 + Level 4.2 Slings
 + Level 4.2 Bows
 + Level 4.2 Crossbows
 + Level 4.2 Throwing
 + Level 4.2 Armour
 + Level 6.3 Dodging
 + Level 6.0 Stealth
 + Level 4.2 Shields
 + Level 4.2 Unarmed Combat
 + Level 6.6 Spellcasting
 + Level 4.1 Conjurations
 + Level 3.5 Hexes
 + Level 3.5 Summonings
 + Level 3.5 Necromancy
 + Level 3.5 Translocations
 + Level 3.5 Transmutations
 + Level 6.5 Fire Magic
 + Level 3.5 Ice Magic
 + Level 3.5 Air Magic
 + Level 3.5 Earth Magic
 + Level 3.5 Poison Magic
 + Level 4.7 Invocations
 + Level 4.2 Evocations


You had 8 spell levels left.
You knew the following spells:

 Your Spells              Type           Power      Damage    Failure   Level
a - Foxfire               Conj/Fire      84%        2x1d8     1%          1
b - Sticky Flame          Conj/Fire      21%        2d4       16%         4
c - Fireball              Conj/Fire      10%        3d6       38%         5

Your spell library contained the following spells:

 Spells                   Type           Power      Damage    Failure   Level
 Conjure Flame            Conj/Fire      21%        6-21      4%          3
 Inner Flame              Hex/Fire       20%        N/A       5%          3


Dungeon Overview and Level Annotations

Branches:
Dungeon (1/1)

Altars:
Ashenzari
Cheibriados
Dithmenos
Elyvilon
Fedhas
Gozag
Hepliaklqana
Kikubaaqudgha
Makhleb
Nemelex Xobeh
Okawaru
Qazlal
Ru
Sif Muna
Trog
Uskayaw
Vehumet
Wu Jian
Xom
Yredelemnul
Zin
The Shining One
Beogh
Jiyva
Lugonu

Annotations:
D Erica


Innate Abilities, Weirdness & Mutations

You have very sharp teeth.
Your uncanny sense of smell can sniff out nearby items.
Your experience applies equally to all skills.


Message History

You open the door.
A mummy, a phantasmal warrior and Erica come into view.
Erica is wielding a +4 scimitar of flaming.
Casting: Foxfire (safe; 1% risk of failure)
Confirm with . or Enter, or press ? or * to list all spells.
You conjure some foxfire!
Casting: Foxfire (safe; 1% risk of failure)
Confirm with . or Enter, or press ? or * to list all spells.
You conjure some foxfire!
Unknown command.
The foxfire hits Erica.
Erica is lightly wounded.
The foxfire hits Erica.
Erica is lightly wounded.
Casting: Foxfire (safe; 1% risk of failure)
Confirm with . or Enter, or press ? or * to list all spells.
You conjure some foxfire!
The foxfire hits Erica but does no damage.
Erica is lightly wounded.
The phantasmal warrior blinks!
You closely miss Erica.
Erica is lightly wounded.
The foxfire hits Erica but does no damage.
Erica is lightly wounded.
The foxfire hits Erica but does no damage.
Erica is lightly wounded.
Erica hits you with a +4 scimitar of flaming!!
Erica burns you.
Unknown command.
Unknown command.
Casting: Foxfire (safe; 1% risk of failure)
Confirm with . or Enter, or press ? or * to list all spells.
You conjure some foxfire!
Erica gestures at you while chanting. The lance of force hits you!!
Ouch! That really hurt!
* * * LOW HITPOINT WARNING * * *
You are knocked back by the lance of force.
You slam into the metal wall!
You die...

#.####'##'###...<...#
#.#....÷...##.......#
#.#........##.......#
#'###########.......#
#.......#.. #########
#..###..#.# ###
#.......#.# .M.#∆∆∆∆
##†###.##v#....#∆∆
#.§.....#@@W...+∆∆
#..###..#v#....#∆
#.......'†# ...#∆
########### ###


You could see Erica (ally target), a phantasmal warrior and a mummy (dormant).

Vanquished Creatures
  A water moccasin (D)
  2 bullfrogs (D)
  An ufetubus (D)
  2 worms (D)
  A bat zombie (D)
  An endoplasm (D)
  A giant cockroach (D)
  A goblin (D)
  A hobgoblin (D)
  A kobold (D)
  2 quokkas (D)
  3 ball pythons (D)
  2 frilled lizards (D)
  A giant cockroach zombie (D)
  A rat (D)
21 creatures vanquished.

Vanquished Creatures (others)
  87 foxfires (D)
87 creatures vanquished.

Grand Total: 108 creatures vanquished

Notes
Turn   | Place    | Note
-------+----------+-------------------------------------------
     0 | D        | howech the Gnoll Fire Elementalist began the quest for the
                  | Orb.
     0 | D        | Reached XP level 1. HP: 13/13 MP: 6/6
    35 | D        | Found a glowing golden altar of the Shining One.
    35 | D        | Found a glowing silver altar of Zin.
    35 | D        | Found a basalt altar of Yredelemnul.
    35 | D        | Found a shimmering altar of Xom.
    35 | D        | Found an ornate altar of the Wu Jian Council.
    35 | D        | Found a bloodstained altar of Trog.
    35 | D        | Found a shimmering blue altar of Sif Muna.
    35 | D        | Found a sacrificial altar of Ru.
    35 | D        | Found a stormy altar of Qazlal.
    35 | D        | Found an iron altar of Okawaru.
    35 | D        | Found a sparkling altar of Nemelex Xobeh.
    35 | D        | Found a burning altar of Makhleb.
    35 | D        | Found a viscous altar of Jiyva.
    35 | D        | Found a hazy altar of Hepliaklqana.
    35 | D        | Found an opulent altar of Gozag.
    35 | D        | Found a blossoming altar of Fedhas.
    35 | D        | Found a white marble altar of Elyvilon.
    35 | D        | Found a shadowy altar of Dithmenos.
    35 | D        | Found a snail-covered altar of Cheibriados.
    36 | D        | Found a radiant altar of Vehumet.
    36 | D        | Found a corrupted altar of Lugonu.
    37 | D        | Found a hide-covered altar of Uskayaw.
    37 | D        | Found an ancient bone altar of Kikubaaqudgha.
    37 | D        | Found a broken altar of Ashenzari.
    41 | D        | Became a worshipper of Warmaster Okawaru
    90 | D        | Reached skill level 5 in Spellcasting
    90 | D        | Reached skill level 1 in Invocations
    95 | D        | Reached skill level 1 in Fighting
    95 | D        | Reached skill level 1 in Short Blades
    95 | D        | Reached skill level 1 in Long Blades
    95 | D        | Reached skill level 1 in Axes
    95 | D        | Reached skill level 1 in Maces & Flails
    95 | D        | Reached skill level 1 in Polearms
    95 | D        | Reached skill level 1 in Staves
    95 | D        | Reached skill level 1 in Slings
    95 | D        | Reached skill level 1 in Bows
    95 | D        | Reached skill level 1 in Crossbows
    95 | D        | Reached skill level 1 in Throwing
    95 | D        | Reached skill level 1 in Armour
    95 | D        | Reached skill level 1 in Shields
    95 | D        | Reached skill level 1 in Unarmed Combat
    95 | D        | Reached skill level 1 in Evocations
   133 | D        | Reached XP level 2. HP: 19/21 MP: 2/8
   138 | D        | Reached skill level 1 in Hexes
   138 | D        | Reached skill level 1 in Summonings
   138 | D        | Reached skill level 1 in Necromancy
   138 | D        | Reached skill level 1 in Translocations
   138 | D        | Reached skill level 1 in Transmutations
   138 | D        | Reached skill level 1 in Ice Magic
   138 | D        | Reached skill level 1 in Air Magic
   138 | D        | Reached skill level 1 in Earth Magic
   138 | D        | Reached skill level 1 in Poison Magic
   357 | D        | Noticed a bullfrog
   357 | D        | Noticed a bullfrog
   382 | D        | Killed a bullfrog
   382 | D        | Reached * piety under Okawaru
   383 | D        | Reached skill level 5 in Dodging
   383 | D        | Reached skill level 5 in Stealth
   383 | D        | Reached XP level 3. HP: 6/28 MP: 7/10
   383 | D        | Reached XP level 4. HP: 7/34 MP: 7/11
   392 | D        | Killed a bullfrog
   393 | D        | Reached XP level 5. HP: 6/41 MP: 3/13
   668 | D        | Learned a level 4 spell: Sticky Flame
   785 | D        | Noticed a water moccasin
   800 | D        | Killed a water moccasin
   801 | D        | Reached XP level 6. HP: 42/48 MP: 7/15
   899 | D        | Learned a level 5 spell: Fireball
   905 | D        | Noticed Erica
   905 | D        | Noticed a phantasmal warrior
   911 | D        | Collided with a metal wall

Illustrated notes

Levels and vault maps discovered:
D:        pitsprint [storerooms_1, entrance_room_1, metal_vault_2, armoury_2,
          mini_pit_1, grid_room_1, main_hall_1, silver_pit, the_coven_1,
          the_vestibule_1, steel_vault_2, golden_pit, hallway_of_sentries,
          crystal_vault_2, iron_vault_4, final_vault]

Skill      XL: |  1  2  3  4  5 |
---------------+----------------+-----
Conjurations   | 2 3 4 |  4.1
Spellcasting   | 5 6 |  6.6
Invocations    | 1 2 3 4 |  4.7
Fighting       | 1 2 3 4 |  4.2
Short Blades   | 1 2 3 4 |  4.2
Long Blades    | 1 2 3 4 |  4.2
Axes           | 1 2 3 4 |  4.2
Maces & Flails | 1 2 3 4 |  4.2
Polearms       | 1 2 3 4 |  4.2
Staves         | 1 2 3 4 |  4.2
Slings         | 1 2 3 4 |  4.2
Bows           | 1 2 3 4 |  4.2
Crossbows      | 1 2 3 4 |  4.2
Throwing       | 1 2 3 4 |  4.2
Armour         | 1 2 3 4 |  4.2
Shields        | 1 2 3 4 |  4.2
Unarmed Combat | 1 2 3 4 |  4.2
Evocations     | 1 2 3 4 |  4.2
Hexes          | 2 3 |  3.5
Summonings     | 2 3 |  3.5
Necromancy     | 2 3 |  3.5
Translocations | 2 3 |  3.5
Transmutations | 2 3 |  3.5
Ice Magic      | 2 3 |  3.5
Air Magic      | 2 3 |  3.5
Earth Magic    | 2 3 |  3.5
Poison Magic   | 2 3 |  3.5
Dodging        | 5 6 |  6.3
Stealth        | 5 6 |  6.0
Fire Magic     | 6 |  6.5

Action                   |  1- 3 |  4- 6 || total
-------------------------+-------+-------++-------
Melee: Hand axe          |    13 |     6 ||    19
       Bite              |     1 |       ||     1
 Cast: Foxfire           |    25 |    33 ||    58
  Use: Potion            |     1 |     2 ||     3
Armor: Robe              |     4 |     2 ||     6
Dodge: Dodged            |    26 |    18 ||    44

Table legend: (Time is in decaauts)
 A = Elapsed time spent in this place.
 B = Non-inter-level travel time spent in this place.
 C = Inter-level travel time spent in this place.
 D = Time resting spent in this place.
 E = Time spent auto-exploring this place.
 F = Levels seen in this place.
 G = Mean time per level.
                   A        B        C        D        E       F      G
               +--------+--------+--------+--------+--------+-----+--------+
         Total |    914 |    914 |      0 |    577 |      0 |   1 |  914.0 |
       Dungeon |    914 |    914 |      0 |    577 |      0 |   1 |  914.0 |
               +--------+--------+--------+--------+--------+-----+--------+

Top non-repeatable levels by time:
       D: 914 daAuts
